 Dungeon Crawl Stone Soup version 0.23.2-40-g277498a (webtiles) character file.

Game seed: 10141716275194591243

16947 Endermorr the Grappler (level 12, -6/126 HPs)
             Began as a Troll Monk on Sept 12, 2019.
             Mangled by an azure jelly (12 damage)
             ... on level 2 of the Pits of Slime.
             The game lasted 00:44:18 (11048 turns).

Endermorr the Grappler (Troll Monk)                Turns: 11048, Time: 00:44:27

Health: -6/126     AC: 11    Str: 26    XL:     12   Next: 14%
Magic:  11/11      EV: 19    Int:  6    God:
Gold:   914        SH:  0    Dex: 12    Spells: 11/11 levels left

rFire    + . .     SeeInvis .     - Unarmed
rCold    + . .     Gourm    +   (no shield)
rNeg     . . .     Faith    .   E - +2 robe {rC+}
rPois    .         Spirit   .   (helmet restricted)
rElec    .         Reflect  .   k - +2 cloak
rCorr    .         Harm     .   (gloves unavailable)
MR       .....                  (boots unavailable)
Stlth    ++........             I - amulet of rage
HPRegen  0.71/turn              T - ring of protection from fire
MPRegen  0.12/turn              H - +4 ring of evasion

@: no status effects
A: large, unfitting armour, claws 3, fast metabolism 3, gourmand, regeneration
1, shaggy fur 1, tough skin 3
a: Evoke Berserk Rage


You were on level 2 of the Pits of Slime.
You were completely stuffed.

You visited 4 branches of the dungeon, and saw 20 of its levels.

You collected 914 gold pieces.

Inventory:

Armour
 a - a +0 robe
 k - a +2 cloak (worn)
 E - a +2 robe of cold resistance (worn)
Jewellery
 r - an uncursed ring of see invisible
 z - an uncursed ring of fire
 H - a +4 ring of evasion (right claw)
 I - an amulet of rage (around neck)
 T - a ring of protection from fire (left claw)
Wands
 o - a wand of enslavement (13)
 u - a wand of flame (4)
 w - a wand of random effects (76)
 x - a wand of iceblast (2)
 D - a wand of digging (6)
 K - a wand of clouds (5)
 N - a wand of acid (6)
Scrolls
 d - 2 scrolls of enchant armour
 e - 4 scrolls of amnesia
 f - 2 scrolls of teleportation
 h - 2 scrolls of enchant weapon
 j - a scroll of vulnerability {unknown}
 l - a scroll of random uselessness {unknown}
 m - 4 scrolls of immolation
 y - 6 scrolls of remove curse
 A - a scroll of magic mapping {unknown}
 F - 2 scrolls of blinking
 L - 2 scrolls of torment {unknown}
 R - a scroll of brand weapon {unknown}
Potions
 c - 3 potions of brilliance
 g - 9 potions of curing
 i - 3 potions of lignification
 n - 2 potions of resistance
 q - 2 potions of cancellation {unknown}
 s - 2 potions of flight {unknown}
 t - a potion of ambrosia {unknown}
 v - a potion of mutation {unknown}
 B - 3 potions of degeneration {unknown}
 C - 2 potions of magic {unknown}
 G - a potion of might {unknown}
 J - a potion of haste {unknown}
 M - a potion of berserk rage {unknown}
 P - 2 potions of heal wounds {unknown}
Miscellaneous
 Q - a lamp of fire (inert)
 S - a phial of floods (inert)
Comestibles
 b - 19 rations
 p - 9 chunks of flesh


   Skills:
 + Level 10.1 Fighting
 + Level 10.1 Dodging
 - Level 1.0 Stealth
 + Level 11.8 Unarmed Combat


You had 11 spell levels left.
You didn't know any spells.
Your spell library contained the following spells:

 Spells                   Type           Power        Failure   Level  Hunger
 Magic Dart               Conj           #...         45%         1    ##.....
 Shock                    Conj/Air       #...         45%         1    ##.....
 Searing Ray              Conj           #.....       58%         2    ###....
 Swiftness                Chrm/Air       #.......     58%         2    ###....
 Dazzling Spray           Conj/Hex       #.....       83%         3    ####...
 Static Discharge         Conj/Air       #.......     83%         3    ####...
 Airstrike                Air            #.........   99%         4    #####..
 Force Lance              Conj/Tloc      #.......     99%         4    #####..
 Fulminant Prism          Conj/Hex       #.........   99%         4    #####..
 Iskenderun's Mystic Bla  Conj           #.......     99%         4    #####..
 Lightning Bolt           Conj/Air       #.........   100%        5    ######.


Dungeon Overview and Level Annotations

Branches:
Dungeon (11/15)            Temple (1/1) D:6            Lair (6/6) D:11
  Slime (2/5) Lair:6
  Swamp: Lair:2-4    Shoals: Lair:2-4     Snake: Lair:2-4    Spider: Lair:2-4
    Orc: D:9-12

Altars:
Ashenzari
Cheibriados
Dithmenos
Elyvilon
Fedhas
Hepliaklqana
Kikubaaqudgha
Makhleb
Nemelex Xobeh
Qazlal
Sif Muna
Trog
Vehumet
Yredelemnul
Zin
The Shining One

Shops:
D:10 *

Annotations:
D:6 5 runed translucent doors
Lair:6 2 runed translucent doors, Norrock's ghost, journeyman BaSu


Innate Abilities, Weirdness & Mutations

You are too large for most types of armour.
You have claws for hands.
Your metabolism is lightning-fast.
You like to eat raw meat.
Your natural rate of healing is unusually fast.
You are covered in fur. (AC +1)
You have extremely tough skin. (AC +3)


Message History

The azure jelly hits you but does no damage. x3
The azure jelly completely misses you.
The five-headed hydra completely misses you.
The five-headed hydra bites you!
* * * LOW HITPOINT WARNING * * *
The five-headed hydra closely misses you.
The five-headed hydra misses you. The five-headed hydra bites you.
* * * LOW HITPOINT WARNING * * *
3 slime creatures come into view.
The slime creature quivers. x2
The wall burns the polar bear!
Found an escape hatch in the ceiling.
The five-headed hydra misses you. x2; The five-headed hydra bites you.
* * * LOW HITPOINT WARNING * * *
The five-headed hydra misses you. x2
The azure jelly hits you but does no damage.
The azure jelly hits you!
* * * LOW HITPOINT WARNING * * *
The azure jelly freezes you! You resist.
You die...

....<..........
..JJ....J.......#
J.................
..........#.......
...>.........#....
..................
.........h........
.#....#..J@.......
.........D........
...#..<.......#.#
................#
....#.......##.##
............# ##
...........##
..##.#.....# .
.###....#


You could see an azure jelly, a five-headed hydra, 3 slime creatures and a polar
bear.

Vanquished Creatures
  3 two-headed ogres
  5 death yaks
  Pikel (D:4)
  Maurice (D:8)
  A black mamba (Lair:1)
  Joseph (Lair:1)
  2 spiny frogs
  A komodo dragon (Lair:6)
  5 hippogriffs
  4 dream sheep
  Sigmund (D:4)
  2 wyverns
  13 yaks
  Menkaure (D:7)
  3 water moccasins
  3 orc warriors
  Duvessa (D:4)
  A sky beast (D:9)
  4 slaves (D:4)
  2 ice beasts
  A phantom (D:4)
  2 necrophages
  6 ogres
  5 wolves (Lair:1)
  4 centaurs
  2 crocodiles
  A big kobold (D:7)
  9 bullfrogs
  Dowan (D:4)
  A wyvern zombie (D:8)
  A scorpion (D:11)
  5 wights
  9 howler monkeys
  3 crimson imps
  2 bullfrog zombies
  2 centaur zombies
  A quasit (D:10)
  3 orc wizards
  3 orc priests
  A centaur skeleton (D:8)
  A hound (D:5)
  A bullfrog skeleton (D:8)
  Ijyb (D:4)
  3 iguanas
  7 worker ants
  A hound zombie (D:5)
  7 gnolls
  12 adders
  2 shadow imps
  An ooze (D:1)
  An adder skeleton (D:7)
  An adder zombie (D:6)
  4 worms
  2 dart slugs
  2 leopard geckos
  30 orcs
  A ball python (D:3)
  7 giant cockroaches
  6 hobgoblins
  11 jackals
  10 kobolds
  7 bats
  4 frilled lizards
  2 giant cockroach zombies
  5 goblins
  A leopard gecko skeleton (D:7)
  7 rats
254 creatures vanquished.

Vanquished Creatures (collateral kills)
  Harold (Lair:1)
1 creature vanquished.

Vanquished Creatures (others)
  A fungus (Lair:2)
1 creature vanquished.

Grand Total: 256 creatures vanquished

Notes
Turn   | Place    | Note
-------+----------+-------------------------------------------
     0 | D:1      | Endermorr the Troll Monk began the quest for the Orb.
     0 | D:1      | Reached XP level 1. HP: 22/22 MP: 0/0
     1 | D:1      | Found a runed translucent door.
   579 | D:1      | Reached XP level 2. HP: 29/29 MP: 1/1
   639 | D:1      | Reached XP level 3. HP: 36/36 MP: 2/2
  1059 | D:2      | Reached XP level 4. HP: 45/45 MP: 3/3
  1579 | D:3      | Reached skill level 4 in Unarmed Combat
  1597 | D:3      | Noticed a necrophage
  1604 | D:3      | Killed a necrophage
  1604 | D:3      | Reached XP level 5. HP: 51/53 MP: 4/4
  1917 | D:3      | You fall through a shaft!
  1966 | D:4      | Noticed Ijyb
  2265 | D:4      | Reached XP level 6. HP: 62/62 MP: 5/5
  2324 | D:4      | Noticed Sigmund
  2339 | D:4      | Killed Sigmund
  2339 | D:4      | Reached skill level 5 in Unarmed Combat
  2348 | D:4      | Reached XP level 7. HP: 62/71 MP: 6/6
  2513 | D:4      | Killed Ijyb
  2669 | D:4      | Noticed Duvessa
  2669 | D:4      | Noticed Dowan
  2806 | D:4      | You fall through a shaft for 2 floors!
  2823 | D:6      | Found a runed translucent gate.
  2825 | D:6      | Found a runed translucent gate.
  2825 | D:6      | Found a runed translucent gate.
  2844 | D:6      | Found a blossoming altar of Fedhas.
  2977 | D:5      | Entered Level 5 of the Dungeon
  2986 | D:5      | Reached skill level 5 in Fighting
  2986 | D:5      | Reached skill level 5 in Dodging
  2986 | D:5      | Reached skill level 6 in Unarmed Combat
  2990 | D:5      | Reached XP level 8. HP: 78/80 MP: 7/7
  3088 | D:5      | Found a shattered altar of Ashenzari.
  3290 | D:4      | Killed Duvessa
  3299 | D:4      | Killed Dowan
  3530 | D:4      | Noticed Pikel
  3581 | D:4      | Killed Pikel
  3581 | D:4      | Reached skill level 7 in Unarmed Combat
  3891 | D:5      | Reached XP level 9. HP: 89/89 MP: 8/8
  4114 | D:6      | Found the +9 staff of Olgreb {rPois}
  4162 | D:6      | Found a staircase to the Ecumenical Temple.
  4168 | Temple   | Entered the Ecumenical Temple
  4590 | D:6      | Found a runed translucent door.
  4602 | D:6      | Found a runed translucent door.
  4644 | D:6      | Found a stormy altar of Qazlal.
  4964 | D:7      | Noticed Menkaure
  5128 | D:7      | Killed Menkaure
  5292 | D:7      | Reached skill level 8 in Unarmed Combat
  5723 | D:7      | Found a hazy altar of Hepliaklqana.
  6014 | D:8      | Noticed a two-headed ogre
  6039 | D:7      | Killed a two-headed ogre
  6039 | D:7      | Reached skill level 9 in Unarmed Combat
  6039 | D:7      | Reached XP level 10. HP: 29/102 MP: 9/9
  6272 | D:8      | Noticed Maurice
  6297 | D:8      | Killed Maurice
  6952 | D:9      | Noticed a two-headed ogre
  6955 | D:9      | Killed a two-headed ogre
  7550 | D:10     | Entered Level 10 of the Dungeon
  7597 | D:9      | Reached skill level 10 in Unarmed Combat
  7974 | D:10     | Reached XP level 11. HP: 104/112 MP: 10/10
  8251 | D:10     | Found Isiopil's Elemental Accessories.
  8637 | D:11     | Noticed a two-headed ogre
  8656 | D:10     | Killed a two-headed ogre
  8746 | D:11     | Found a staircase to the Lair.
  8767 | Lair:1   | Entered Level 1 of the Lair of Beasts
  8767 | Lair:1   | Noticed Joseph
  8788 | Lair:1   | Killed Joseph
  9350 | Lair:1   | Reached skill level 11 in Unarmed Combat
  9366 | Lair:1   | Noticed Harold
  9391 | Lair:1   | Killed Harold
  9979 | Lair:2   | Noticed a seven-headed hydra
 10133 | Lair:2   | Noticed a death yak
 10133 | Lair:2   | Noticed a death yak
 10133 | Lair:2   | Noticed a death yak
 10133 | Lair:2   | Noticed a death yak
 10133 | Lair:2   | Noticed a death yak
 10278 | Lair:1   | Killed a death yak
 10360 | Lair:1   | Killed a death yak
 10368 | Lair:1   | Killed a death yak
 10392 | Lair:1   | Killed a death yak
 10518 | Lair:2   | Killed a death yak
 10660 | Lair:2   | Reached skill level 10 in Fighting
 10660 | Lair:2   | Reached XP level 12. HP: 114/125 MP: 11/11
 10756 | Lair:3   | Reached skill level 10 in Dodging
 10756 | Lair:3   | Noticed a four-headed hydra
 10849 | Lair:6   | Entered Level 6 of the Lair of Beasts
 10985 | Lair:6   | Noticed a five-headed hydra
 10997 | Lair:6   | Found a large runed translucent door.
 10997 | Lair:6   | Found a large runed translucent door.
 10998 | Lair:6   | Noticed Norrock's ghost (journeyman BaSu)
 11018 | Lair:6   | Found a staircase to the Slime Pits.
 11036 | Slime:1  | Entered Level 1 of the Pits of Slime
 11036 | Slime:1  | Noticed an azure jelly
 11048 | Slime:2  | HP: 6/126 [azure jelly (7)]
 11048 | Slime:2  | Mangled by an azure jelly

Skill      XL: |  1  2  3  4  5  6  7  8  9 10 11 12 |
---------------+-------------------------------------+-----
Fighting       | 3 4 5 6 7 8 10 | 10.1
Dodging        | 3 4 5 6 7 8 9 10 | 10.1
Unarmed Combat | 4 5 6 7 9 10 11 | 11.8
Stealth        | |  1.0

Action                   |  1- 3 |  4- 6 |  7- 9 | 10-12 || total
-------------------------+-------+-------+-------+-------++-------
Melee: Unarmed           |   103 |   116 |   335 |   366 ||   920
       Punch             |     1 |     1 |     9 |    13 ||    24
 Abil: Evoke Berserk Rag |       |       |       |     2 ||     2
Evoke: Lamp of fire      |       |       |       |     1 ||     1
       Phial of floods   |       |       |       |     1 ||     1
       Wand              |       |       |       |     2 ||     2
  Use: Scroll            |       |     5 |     2 |     4 ||    11
       Potion            |       |       |       |     1 ||     1
 Stab: Sleeping          |     2 |       |     1 |     1 ||     4
  Eat: Chunk             |    15 |    12 |    34 |    47 ||   108
Armor: Robe              |    27 |    64 |   109 |    92 ||   292
Dodge: Dodged            |    39 |   100 |   214 |   355 ||   708
